AoeStats
← jphilkill

Black Forest

505629687Analyzed
4v4 RM · 23d ago on Sep 10, 2026· 83m 14s· 8 players
Game mode
Random Map
Map size
Large (8 player)
Population
200
Speed
Normal
Resources
Standard
Victory
Conquest
Starting age
Dark Age
Ending age
Imperial Age
RankedLock teamsTeams togetherTeam positionsShared explorationLock speedFull tech treeHidden civsTurbo modeCheats
Victory
Defeat
🇰🇭 Persians · Cambodia
953
+16
🇭🇰 Jurchens · Hong Kong SAR China
887
+19
🇮🇩 Portuguese · Indonesia
884
+19
🇮🇩 Sicilians · Indonesia
793
+23
🇲🇽 Malay · Mexico
992
-21
🇻🇳 Mongols · Vietnam
977
-20
🇩🇪 Celts · Germany
937
-19
🇲🇽 Britons · Mexico
895
-17
diepat
1:03 Loom
13:03 Feudal Age
14:27 Double-Bit Axe
14:39 Horse Collar
20:01 Castle Age
18:45 Fletching
19:06 Stone Mining
19:58 Gold Mining
21:01 Bow Saw
25:00 Bodkin Arrow
29:07 Heavy Plow
34:29 Imperial Age
33:26 Gold Shaft Mining
34:05 Wheelbarrow
34:11 Forging
35:01 Pikeman
35:13 Heavy Rocket Cart
37:31 Hand Cart
38:37 Ballistics
38:33 Fortified Wall
39:38 Stone Shaft Mining
40:13 Chemistry
38:58 Halberdier
40:57 Crop Rotation
41:20 Gambesons
42:14 Iron Casting
41:40 Scale Mail Armor
44:22 Squires
45:41 Thunderclap Bombs
47:53 Bracer
48:54 Blast Furnace
49:02 Chain Mail Armor
49:28 Arson
53:19 Padded Archer Armor
53:45 Murder Holes
53:31 Treadmill Crane
55:43 Two-Man Saw
58:55 Caravan
60:50 Scale Barding Armor
60:37 Arrowslits
61:03 Masonry
63:32 Architecture
62:58 Town Watch
62:59 Capped Ram
65:49 Elite Skirmisher
67:38 Siege Ram
68:20 Heavy Scorpion
73:40 Leather Archer Armor
73:46 Chain Barding Armor
75:59 Coinage
75:39 Guilds
77:09 Elite Fire Lancer
80:17 Man-at-Arms
ayon
0:58 Loom
12:04 Feudal Age
19:27 Castle Age
20:24 Double-Bit Axe
28:13 Imperial Age
26:12 Stone Mining
28:56 Gold Mining
33:23 Chemistry
33:23 Wheelbarrow
33:40 Ballistics
33:31 Masonry
34:04 Heated Shot
34:35 Masonry
34:34 Siege Engineers
35:15 Heated Shot
37:11 Husbandry
36:31 Cavalier
37:18 Scale Barding Armor
37:24 Forging
37:14 Scale Mail Armor
38:26 Architecture
37:35 Elite Organ Gun
38:28 Arquebus
39:20 Elite Organ Gun
45:06 Chain Barding Armor
44:47 Scale Mail Armor
45:23 Iron Casting
55:42 Pikeman
65:42 Bow Saw
65:30 Town Watch
66:22 Hand Cart
66:50 Plate Barding Armor
66:30 Chain Mail Armor
67:16 Blast Furnace
71:50 Plate Mail Armor
71:03 Treadmill Crane
71:20 Murder Holes
75:15 Two-Man Saw
78:47 Bloodlines
77:58 Light Cavalry
anikul73
13:38 Feudal Age
18:30 Castle Age
16:40 Double-Bit Axe
17:30 Horse Collar
30:05 Imperial Age
27:47 Town Watch
28:13 Caravan
28:50 Bow Saw
32:06 Forging
32:52 Cavalier
36:45 Chemistry
36:34 Town Patrol
36:01 Savar
36:44 Husbandry
40:21 Iron Casting
44:06 Blast Furnace
46:51 Elite War Elephant
66:22 Heavy Scorpion
69:09 Conscription
75:16 Light Cavalry
75:53 Hussar
81:32 Crossbowman
82:26 Citadels
82:20 Kamandaran
Lagi Gabut
0:32 Loom
14:53 Feudal Age
26:37 Castle Age
27:01 Scale Mail Armor
27:14 Forging
26:48 Horse Collar
26:55 Double-Bit Axe
27:35 Crossbowman
32:49 Heavy Plow
33:03 Bow Saw
35:59 Gold Mining
36:00 Stone Mining
39:49 Imperial Age
41:05 Elite Serjeant
42:08 Conscription
42:22 First Crusade
42:11 Hauberk
42:54 Wheelbarrow
45:55 Iron Casting
45:35 Chain Mail Armor
45:46 Caravan
46:17 Coinage
45:57 Guilds
47:20 Hand Cart
46:44 Pikeman
47:25 Squires
49:25 Crop Rotation
54:25 Banking
55:46 Halberdier
57:33 Blast Furnace
57:07 Masonry
58:03 Chemistry
57:37 Plate Mail Armor
57:15 Scale Barding Armor
62:38 Light Cavalry
63:29 Bloodlines
65:08 Chain Barding Armor
69:16 Plate Barding Armor
69:05 Ballistics
68:49 Murder Holes
71:02 Onager
72:15 Siege Onager
74:27 Siege Engineers
Peaky Blinders
6:26 Loom
11:30 Feudal Age
15:33 Castle Age
13:57 Double-Bit Axe
14:23 Horse Collar
29:35 Imperial Age
27:15 Fletching
27:29 Caravan
28:22 Bow Saw
28:19 Heavy Plow
28:32 Padded Archer Armor
29:26 Wheelbarrow
28:37 Town Watch
29:03 Gold Mining
29:21 Husbandry
29:53 Bodkin Arrow
30:34 Hand Cart
31:15 Bloodlines
31:32 Parthian Tactics
31:56 Town Patrol
32:29 Conscription
31:58 Light Cavalry
32:45 Thumb Ring
32:58 Leather Archer Armor
33:49 Bracer
33:55 Scale Barding Armor
34:15 Ballistics
34:55 Chemistry
35:29 Elite Mangudai
37:24 Scale Barding Armor
37:35 Hussar
39:26 Chain Barding Armor
39:17 Forging
38:43 Elite Skirmisher
44:18 Iron Casting
54:56 Blast Furnace
70:01 Scale Mail Armor
78:12 Coinage
78:50 Chain Mail Armor
adriancornejo84
5:21 Loom
14:00 Feudal Age
17:22 Castle Age
16:10 Double-Bit Axe
16:11 Horse Collar
28:33 Wheelbarrow
27:44 Town Watch
32:11 Imperial Age
31:25 Hand Cart
32:31 Forging
32:28 Scale Barding Armor
34:49 Husbandry
36:51 Iron Casting
37:46 Heavy Plow
38:42 Coinage
38:23 Fletching
38:34 Padded Archer Armor
38:56 Sappers
39:50 Conscription
39:28 Crossbowman
40:04 Bodkin Arrow
40:25 Leather Archer Armor
41:13 Chemistry
40:36 Arbalester
41:22 Thumb Ring
41:25 Bracer
41:57 Ring Archer Armor
43:28 Blast Furnace
47:12 Gold Mining
49:25 Elite Battle Elephant
56:22 Squires
jphilkill
1:44 Loom
12:17 Feudal Age
18:15 Castle Age
16:40 Horse Collar
18:52 Wheelbarrow
18:04 Double-Bit Axe
25:48 Gold Mining
25:59 Pikeman
28:03 Scale Mail Armor
28:14 Forging
31:32 Bow Saw
35:11 Imperial Age
32:35 Stone Mining
33:44 Hand Cart
34:39 Heavy Plow
35:18 Gold Shaft Mining
36:59 Forging
36:55 Scale Barding Armor
37:05 Chain Mail Armor
36:51 Padded Archer Armor
36:41 Fletching
37:33 Stone Shaft Mining
38:27 Conscription
37:30 Halberdier
38:14 Husbandry
37:35 Cavalier
38:32 Capped Ram
40:11 Plate Mail Armor
48:51 Chemistry
47:58 Siege Engineers
47:24 Siege Ram
48:53 Paladin
55:11 Elite Skirmisher
65:02 Iron Casting
64:48 Chain Barding Armor
64:44 Leather Archer Armor
64:24 Bodkin Arrow
64:56 Ballistics
64:31 Murder Holes
70:59 Light Cavalry
74:51 Hussar
Alexander
5:33 Loom
14:32 Feudal Age
15:56 Town Watch
16:51 Wheelbarrow
18:44 Castle Age
19:16 Double-Bit Axe
19:12 Horse Collar
19:26 Town Watch
20:35 Hand Cart
20:35 Bow Saw
20:47 Heavy Plow
27:57 Town Patrol
32:45 Imperial Age
34:35 Two-Man Saw
34:20 Conscription
33:32 Crossbowman
34:05 Fletching
36:10 Arbalester
39:53 Bodkin Arrow
44:35 Bracer
50:07 Ballistics
51:08 Chemistry
50:11 Padded Archer Armor
54:06 Leather Archer Armor
57:48 Ring Archer Armor
57:05 Elite Skirmisher
59:08 Yeomen
63:38 Treadmill Crane
69:13 Masonry
69:42 Hoardings
Connection lost

Rejoining the realm…

Still unreachable

The connection could not be restored.

Session expired

The server has moved on; the page needs a fresh start.